Map: Prion Terraces

Players

Wellmet - Winner!

  • Race: Terran Terran
  • League: Diamond

llllllllllll

  • Race: Terran Terran
  • League: Platinum

VOD

Have the link to the VOD?

Description

Time

  • Played on: Nov. 13, 2015, 9:31 p.m.
  • Length: 8:16
Show
View Real Time Build Order
Export as new Build Order

Wellmet Terran - Winner!

Build Orders: Reaper Expand 

Get SALT Encoding   

  12  0:01  SCV  
  13  0:13  SCV  
  14  0:18  Supply Depot  
  14  0:25  SCV  
  15  0:39  SCV  
  15  0:42  Barracks  
  16  0:44  Refinery  
  16  0:51  SCV  
  17  1:03  SCV  
  18  1:16  SCV  
  19  1:28  Orbital Command  
  19  1:32  Reaper  
  20  1:45  Command Center  
  20  1:55  SCV  
  20  1:58  Supply Depot  
  21  2:04  Barracks Reactor  
  21  2:07  SCV  
  22  2:08  Refinery  
  22  2:19  SCV  
  22  2:22  Factory  
  23  2:31  SCV  
  24  2:42  Marine x2  
  24  2:43  SCV  
  27  2:56  SCV, Orbital Command  
  28  3:00  Marine x2  
  30  3:10  Starport  
  30  3:11  Factory Tech Lab  
  29  3:13  SCV  
  30  3:21  Marine x2  
  30  3:22  Bunker  
  32  3:34  Siege Tank  
  35  3:38  Marine  
  35  3:39  Bunker, Marine  
  37  3:47  SCV  
  38  3:51  Medivac  
  40  3:57  Supply Depot, Marine  
  41  4:07  Marine  
  42  4:12  SCV, Orbital Command  
  42  4:15  Siege Tank  
  46  4:18  Marine  
  46  4:22  Supply Depot, Viking  
  49  4:31  Marine  
  49  4:36  Marine  
  51  4:40  SCV x2  
  53  4:47  Supply Depot  
  53  4:49  Marine  
  54  4:54  SCV x2, Marine  
  54  4:58  Siege Tank  
  60  5:07  SCV, Marine  
  60  5:08  SCV  
  60  5:09  Starport Reactor  
  60  5:11  Supply Depot  
  60  5:12  Marine  
  64  5:18  Barracks  
  64  5:23  Barracks  
  64  5:29  SCV x2  
  64  5:33  Marine x2  
  64  5:34  Siege Tank  
  71  5:41  SCV  
  65  5:49  SCV  
  61  5:50  Marine  
  61  5:51  Marine  
  60  5:57  SCV  
  60  6:01  Command Center, SCV  
  61  6:08  Marine x2  
  61  6:10  Starport Reactor  
  61  6:11  Barracks Tech Lab  
  63  6:13  SCV x2  
  63  6:16  Siege Tank  
  63  6:17  Marine x2  
  70  6:21  Engineering Bay  
  70  6:23  Supply Depot  
  70  6:24  Refinery  
  70  6:25  SCV  
  71  6:29  SCV  
  71  6:31  Marine  
  71  6:32  Marine  
  73  6:34  Marine  
  73  6:37  SCV, Marine x2  
  78  6:45  SCV  
  78  6:46  Supply Depot  
  79  6:49  SCV, Medivac  
  79  6:50  Marine x2  
  79  6:53  Marine  
  85  6:55  Marine  
  86  7:02  Supply Depot  
  86  7:08  SCV x2  
  88  7:13  Marine x3  
  88  7:14  Supply Depot, Orbital Command  
  91  7:20  SCV x2  
  91  7:21  Marine  
  91  7:22  Marine  
  91  7:27  Siege Tank  
  91  7:28  Medivac  
  96  7:36  SCV  
  95  7:39  SCV  
  95  7:40  Marine x4  
  95  7:41  Orbital Command  
  100  7:48  SCV, Refinery  
  101  7:53  Marine  
  101  7:58  Marine  
  109  8:06  Barracks  
  109  8:08  Engineering Bay  
Show
View Real Time Build Order
Export as new Build Order

llllllllllll Terran 

Build Orders: MMM Bio 

Get SALT Encoding   

  12  0:01  SCV  
  13  0:13  SCV  
  14  0:20  Supply Depot  
  14  0:25  SCV  
  15  0:42  SCV  
  16  0:46  Barracks  
  16  0:54  SCV  
  16  0:56  Refinery  
  17  1:06  SCV  
  18  1:13  Barracks  
  18  1:18  SCV  
  19  1:30  SCV  
  20  1:36  Supply Depot  
  20  1:46  Reaper  
  21  1:52  Orbital Command  
  21  1:54  Refinery  
  21  1:58  Barracks  
  21  2:07  Reaper  
  22  2:12  Barracks  
  22  2:19  SCV  
  22  2:22  Reaper  
  24  2:31  SCV  
  25  2:40  Barracks  
  25  2:41  Reaper  
  25  2:43  SCV  
  26  2:46  Supply Depot  
  27  2:51  Reaper  
  27  2:54  Reaper  
  28  3:00  Reaper  
  29  3:05  SCV  
  29  3:11  Supply Depot  
  30  3:15  Reaper  
  31  3:25  SCV  
  32  3:30  Reaper  
  33  3:34  Command Center  
  35  3:45  SCV  
  36  3:57  SCV  
  36  4:00  Barracks Tech Lab  
  35  4:04  Factory  
  36  4:10  SCV, Supply Depot  
  36  4:21  Stimpack  
  36  4:22  SCV  
  37  4:27  Marine x4  
  41  4:34  SCV  
  42  4:44  Supply Depot  
  42  4:45  Marine  
  42  4:46  SCV  
  42  4:47  Starport  
  42  4:48  Factory Reactor  
  42  4:51  Orbital Command  
  44  4:56  Marine x2  
  44  4:57  Marine x2  
  44  4:58  SCV  
  49  5:08  Barracks Tech Lab  
  49  5:10  SCV  
  49  5:12  Refinery  
  50  5:15  Refinery  
  50  5:22  SCV, Marine x2  
  50  5:24  SCV  
  54  5:34  SCV, Marine  
  54  5:37  SCV  
  53  5:45  Marine x2  
  53  5:46  SCV  
  53  5:49  SCV  
  53  5:55  Marine  
  53  5:56  Marine x2  
  52  5:57  Medivac  
  52  5:58  SCV  
  52  6:01  SCV  
  56  6:08  Barracks Reactor  
  56  6:09  Barracks Reactor  
  56  6:10  Combat Shields, SCV  
  57  6:12  Medivac  
  57  6:14  SCV  
  60  6:19  Marine  
  60  6:25  Engineering Bay  
  62  6:26  SCV  
  62  6:27  Engineering Bay  
  62  6:28  SCV  
  64  6:35  Marauder  
  64  6:36  Barracks Reactor  
  64  6:37  Marauder  
  64  6:38  SCV  
  64  6:39  Medivac  
  70  6:48  Marine x2, Medivac  
  74  6:56  Refinery  
  74  7:00  SCV  
  74  7:01  SCV  
  76  7:04  Command Center  
  74  7:09  Marine  
  74  7:10  Marine, Marauder  
  78  7:16  Marine x2  
  78  7:17  Marine  
  78  7:21  Marine x2  
  72  7:27  Marine  
  73  7:31  Factory Tech Lab, Marauder  
  73  7:32  Marine  
  73  7:35  Marauder  
  77  7:40  Marine  
  77  7:41  Marine x2  
  78  7:47  Marine  
  73  7:52  Marauder  
  73  7:56  Marine x2  
  73  7:58  Marine  
Tags
 
Add a new tag
Caveats
  • Supply blocks, unpowered buildings, or Contaminate may cause inaccurate times.
  • Supply counts are checked every 10 seconds.